 Dungeon Crawl Stone Soup version 0.25.0-1-g7eea58d2a3 (webtiles) character file.

Game seed: 10958072904525961653

216 mopl the Shooter (level 5, 4/47 HPs)
             Began as a Centaur Hunter on June 15, 2020.
             Quit the game on level 4 of the Dungeon.
             The game lasted 00:04:27 (2426 turns).

mopl the Shooter (Centaur Hunter)                   Turns: 2426, Time: 00:04:28

Health: 4/47       AC:  7    Str: 16    XL:     5   Next: 61%
Magic:  5/5        EV:  4    Int: 10    God:
Gold:   85         SH:  0    Dex:  9    Spells: 4/4 levels left

rFire    . . .     SeeInvis .   a - +1 shortbow
rCold    . . .     Gourm    .   (shield currently unavailable)
rNeg     . . .     Faith    .   o - +0 chain mail (curse)
rPois    .         Spirit   .   (no helmet)
rElec    .         Reflect  .   (no cloak)
rCorr    .         Harm     .   (no gloves)
MR       .....                  (no barding)
Stlth    ..........             (no amulet)
HPRegen  0.15/turn              (no ring)
MPRegen  0.09/turn              (no ring)

@: mighty, lethally poisoned (4 -> -17), very quick
A: large, hooves 3, deformed body, speed 2, tough skin 3
a: no special abilities


You were on level 4 of the Dungeon.
You were not hungry.

You visited 1 branch of the dungeon, and saw 4 of its levels.

You collected 85 gold pieces.

Inventory:

Hand Weapons
 a - a +1 shortbow (weapon)
 b - a +0 short sword
Missiles
 d - 12 arrows (quivered)
 m - 5 poisoned darts
Armour
 c - a +0 leather armour
 n - a +0 scale mail
 o - a cursed +0 chain mail (worn)
Jewellery
 k - an uncursed ring of fire
Scrolls
 e - a scroll of fog {unknown}
 h - a scroll of random uselessness {unknown}
 l - a scroll of fear {unknown}
 p - a scroll of remove curse {unknown}
 q - a scroll of identify {unknown}
Potions
 j - a potion of might
Comestibles
 f - 5 rations
 g - 5 chunks of flesh


   Skills:
 + Level 4.4 Fighting
 + Level 7.4 Bows
 - Level 1.3 Dodging
 - Level 0.4 Stealth


You had 4 spell levels left.
You didn't know any spells.
Your spell library was empty.

Dungeon Overview and Level Annotations

Branches:
Dungeon (4/15)
 Temple: D:4-7

Altars:
The Shining One

Annotations:
D:2 Sigmund
D:3 Purgy


Innate Abilities, Weirdness & Mutations

You have hooves in place of feet.
Armour fits poorly on your strangely shaped body.
You cover ground very quickly.
You have extremely tough skin. (AC +3)


Message History

You feel very mighty all of a sudden.
The orc priest calls upon Beogh to heal the orc.
The orc's wounds heal themselves!
The orc hits you but does no damage.
You are poisoned.
The orc hits you but does no damage.
Unknown command.
Firing (i - inventory. (/) - cycle)
d - 13 arrows (quivered)
Press: ? - help, Shift-Dir - straight line, f/p - orc priest
Aim: an orc priest, wielding a -1 club (almost dead)
You shoot an arrow. The arrow hits the orc priest!
You kill the orc priest!
* * * LOW HITPOINT WARNING * * *
You feel sick. The orc hits you but does no damage.
You are lethally poisoned!
The orc hits you but does no damage.
It was a potion of magic.
Magic courses through your body.
* * * LOW HITPOINT WARNING * * *
You feel sick. The orc hits you but does no damage. x2
You are more poisoned.
Are you sure you want to abandon this character and quit the game? (Confirm with "yes".)

#.?.......#
#.........##
#..........#####
#............o.#
#....<....####.
#########รท# #o#
#o########
#o@o(....(
##########


You could see an orc priest and 3 orcs.

Vanquished Creatures
  An ogre (D:2)
  An orc priest (D:4)
  4 adders
  2 worms (D:3)
  4 dart slugs
  2 leopard geckos (D:3)
  An orc (D:3)
  3 giant cockroaches (D:1)
  5 goblins
  6 hobgoblins
  2 jackals (D:4)
  3 ball pythons
  5 bats
  2 frilled lizards
  6 kobolds
  9 rats
56 creatures vanquished.

Notes
Turn   | Place    | Note
-------+----------+-------------------------------------------
     0 | D:1      | mopl the Centaur Hunter began the quest for the Orb.
     0 | D:1      | Reached XP level 1. HP: 17/17 MP: 1/1
   130 | D:1      | Reached XP level 2. HP: 14/25 MP: 2/2
   878 | D:2      | Reached skill level 6 in Bows
   940 | D:2      | Reached XP level 3. HP: 23/30 MP: 3/3
  1401 | D:2      | Noticed an ogre
  1435 | D:2      | Killed an ogre
  1435 | D:2      | Reached XP level 4. HP: 40/40 MP: 4/4
  1593 | D:2      | Noticed Sigmund
  1659 | D:3      | Noticed Purgy
  1662 | D:3      | Reached skill level 7 in Bows
  1662 | D:3      | Reached XP level 5. HP: 45/46 MP: 5/5
  1934 | D:3      | Found a glowing golden altar of the Shining One.
  2426 | D:4      | Quit the game

Illustrated notes

Levels and vault maps discovered:
D:1:      scummos_arrival_hexagon, layout_loops_ring
D:2:      layout_basic, first_ration, uniq_sigmund
D:3:      layout_rooms, tso_metal_star, uniq_purgy, uniq_grinder
D:4:      layout_rooms, eat_drink_and_be_merry_uskayaw,
          minmay_temple_entry_purple_smoke, nicolae_qazlal_general_emergency

Skill      XL: |  1  2  3  4 |
---------------+-------------+-----
Bows           | 6 7 |  7.4
Fighting       | 3 4 |  4.4
Dodging        | |  1.3
Stealth        | |  0.4

Action                   |  1- 3 |  4- 6 || total
-------------------------+-------+-------++-------
Melee: Short sword       |    73 |    77 ||   150
       Kick              |    15 |    18 ||    33
 Fire: Shortbow          |    13 |    12 ||    25
  Use: Potion            |       |     2 ||     2
  Eat: Chunk             |     1 |     3 ||     4
Armor: Leather armour    |    15 |    16 ||    31
       Chain mail        |       |    21 ||    21
Dodge: Dodged            |    20 |    39 ||    59
